 Dungeon Crawl Stone Soup version 0.20.0-10-g0535bb4 (webtiles) character file.

1568 raph the Spear-Bearer (level 8, -3/63 HPs)
             Began as a Merfolk Monk on June 5, 2017.
             Was a Priest of Okawaru.
             Slain by a centaur skeleton (5 damage)
             ... on level 7 of the Dungeon.
             The game lasted 00:14:27 (7284 turns).

raph the Spear-Bearer (Merfolk Monk)                Turns: 7284, Time: 00:14:29

Health: -3/63      AC:  5    Str: 13    XL:     8   Next: 90%
Magic:  8/11       EV: 21    Int: 10    God:    Okawaru [***...]
Gold:   278        SH:  0    Dex: 19    Spells: 7/7 levels left

rFire    . . .     SeeInvis .   a - +1 spear
rCold    . . .     Gourm    .   (no shield)
rNeg     . . .     Faith    .   o - +0 leather armour
rPois    .         Spirit   .   r - +0 helmet
rElec    .         Reflect  .   (no cloak)
rCorr    .         Harm     .   (no gloves)
MR       .....                  (no boots)
Stlth    +++++.....             (no amulet)
Regen    0.2/turn               k - +3 ring of dexterity
MPRegen  0.2/turn               i - ring of stealth

@: heroism
A: change form in water, swift swim, stealthy swim
a: Heroism, Renounce Religion


You were on level 7 of the Dungeon.
You worshipped Okawaru.
Okawaru was most pleased with you.
You were not hungry.

You visited 2 branches of the dungeon, and saw 8 of its levels.

You collected 278 gold pieces.

Inventory:

Hand Weapons
 a - a +1 spear (weapon)
Missiles
 h - a javelin (quivered)
Armour
 b - a +0 robe
 o - a +0 leather armour (worn)
 r - a +0 helmet (worn)
Jewellery
 i - a ring of stealth (right hand)
 k - a +3 ring of dexterity (left hand)
Wands
 f - a wand of lightning (8/15)
Scrolls
 e - a scroll of fog
 j - a scroll of teleportation
 l - 3 scrolls of remove curse
 m - a scroll of recharging
Potions
 p - a potion of heal wounds
 q - a potion of agility
 v - 2 potions of ambrosia
Books
 n - a book of Conjurations

   Spells                             Type                      Level
   a - Magic Dart                     Conjuration                  1
   b - Searing Ray                    Conjuration                  2
   c - Dazzling Spray                 Conjuration/Hexes            3
   d - Fulminant Prism                Conjuration/Hexes            4
   e - Force Lance                    Conjuration/Translocation    4
   f - Iskenderun's Mystic Blast      Conjuration                  4
Comestibles
 c - 6 bread rations
 d - 2 royal jellies
 g - a chunk of flesh
 s - a meat ration


   Skills:
 + Level 5.4(10.4) Fighting
 * Level 9.5(14.5) Polearms
 + Level 3.5(8.5) Throwing
 + Level 0.8(5.8) Armour
 + Level 7.0(12.0) Dodging
 - Level 5.0(10.0) Stealth
 * Level 4.0 Invocations


You had 7 spell levels left.
You didn't know any spells.

Dungeon Overview and Level Annotations

Branches:
Dungeon (7/15)             Temple (1/1) D:4

Altars:
Ashenzari
Dithmenos
Elyvilon
Fedhas
Gozag
Hepliaklqana
Makhleb
Nemelex Xobeh
Okawaru
Qazlal
Ru
Trog
Uskayaw
Xom
Yredelemnul


Message History

The orc warrior hits you with a flail!!
* * * LOW HITPOINT WARNING * * *
You are too injured to fight recklessly!
You are too injured to fight recklessly!
You are too injured to fight recklessly!
You are too injured to fight recklessly!
You are too injured to fight recklessly!
You are too injured to fight recklessly!
You hit the orc warrior.
The orc warrior is almost dead.
You gain the combat prowess of a mighty hero.
The orc warrior hits you with a flail!
* * * LOW HITPOINT WARNING * * *
You hit the orc warrior. You punch the orc warrior.
You kill the orc warrior!
Okawaru accepts your kill.
Your base Dodging skill increases to level 7!
Your Invocations skill increases to level 4!
The centaur skeleton hits you.
You die...

.......###.###..##.# #.###.##..
.......###...#..##.# #.........
[...............##.###.#......#
#.###..####..#.......#.#.##.#..
#. #........#.........#.##.###
#..####.##.....# #.#.##.##.
#...........#.........'.
#....####.#..#.....######.
####. #@#...#.#. ##
#.....Z....# #..##.........
##### .. #.(#.#.#.. ......
#.......... ...... .(.........
##..## ..(. ... . ... #
##........ .. . . ..


You could see a centaur skeleton.

Vanquished Creatures
  Pikel (D:5)
  An orc warrior (D:7)
  A phantom (D:4)
  A centaur (D:7)
  2 bullfrogs
  3 crimson imps
  A centaur zombie (D:5)
  2 hounds
  3 orc priests
  A jelly (D:7)
  2 orc wizards
  2 bullfrog skeletons (D:4)
  A worker ant (D:4)
  A mummy (D:4)
  11 adders
  2 shadow imps (D:7)
  An ooze (D:3)
  2 adder skeletons
  5 worms
  2 leopard geckos
  17 orcs
  5 giant cockroaches
  3 goblins
  8 hobgoblins
  4 jackals (D:3)
  9 kobolds
  A quokka (D:4)
  A ball python (D:2)
  5 bats
  11 frilled lizards
  A goblin zombie (D:4)
  A hobgoblin zombie (D:4)
  4 rats
115 creatures vanquished.

Vanquished Creatures (others)
  A hound (D:5)
  A jelly (D:5)
  A leopard gecko (D:5)
  2 orcs (D:5)
5 creatures vanquished.

Grand Total: 120 creatures vanquished

Notes
Turn   | Place    | Note
-------+----------+-------------------------------------------
     0 | D:1      | raph the Merfolk Monk began the quest for the Orb.
     0 | D:1      | Reached XP level 1. HP: 18/18 MP: 1/1
   263 | D:1      | Reached XP level 2. HP: 24/24 MP: 2/2
   620 | D:1      | Reached skill level 5 in Polearms
   849 | D:2      | Reached XP level 3. HP: 18/29 MP: 3/3
  1480 | D:2      | Found a sparkling altar of Nemelex Xobeh.
  1631 | D:2      | Reached skill level 5 in Dodging
  1635 | D:2      | Reached XP level 4. HP: 35/35 MP: 4/4
  2167 | D:3      | Reached XP level 5. HP: 10/42 MP: 5/5
  2496 | D:3      | Found a blossoming altar of Fedhas.
  2583 | D:3      | Reached skill level 6 in Polearms
  3132 | D:3      | Found a hazy altar of Hepliaklqana.
  3705 | D:3      | Reached XP level 6. HP: 48/48 MP: 6/6
  3826 | D:4      | Reached skill level 1 in Throwing
  3997 | D:4      | Found a staircase to the Ecumenical Temple.
  4037 | Temple   | Entered the Ecumenical Temple
  4101 | Temple   | Became a worshipper of Warmaster Okawaru
  4101 | Temple   | Reached * piety under Okawaru
  4101 | Temple   | Reached ** piety under Okawaru
  4124 | D:4      | Reached skill level 7 in Polearms
  4316 | D:4      | Reached XP level 7. HP: 49/55 MP: 7/7
  5067 | D:5      | Entered Level 5 of the Dungeon
  5161 | D:5      | Noticed Pikel
  5227 | D:5      | Killed Pikel
  5227 | D:5      | Reached *** piety under Okawaru
  5227 | D:5      | Reached skill level 5 in Fighting
  5227 | D:5      | Reached skill level 8 in Polearms
  5227 | D:5      | Reached skill level 5 in Stealth
  5227 | D:5      | Reached XP level 8. HP: 19/62 MP: 5/9
  5872 | D:5      | Reached skill level 9 in Polearms
  5885 | D:5      | Found a sacrificial altar of Ru.
  6107 | D:5      | Found an opulent altar of Gozag.
  6715 | D:6      | Found a shattered altar of Ashenzari.
  7126 | D:7      | Found a shadowy altar of Dithmenos.
  7282 | D:7      | HP: 2/62 [orc warrior/flail (15)]
  7284 | D:7      | Slain by a centaur skeleton

Skill      XL: |  1  2  3  4  5  6  7  8 |
---------------+-------------------------+-----
Polearms       | 5 6 7 8 9 |  9.5
Dodging        | 5 6 7 |  7.0
Stealth        | 3 4 5 |  5.0
Fighting       | 4 5 |  5.4
Throwing       | 1 3 |  3.5
Invocations    | 2 4 |  4.0
Armour         | |  0.8

Action                   |  1- 3 |  4- 6 |  7- 9 || total
-------------------------+-------+-------+-------++-------
Melee: Spear             |   107 |   372 |   225 ||   704
       Punch             |       |     1 |     2 ||     3
Throw: Javelin           |       |     5 |     7 ||    12
Invok: Heroism           |       |     1 |     3 ||     4
  Use: Scroll            |       |    11 |     3 ||    14
       Potion            |       |       |     3 ||     3
 Stab: Sleeping          |     8 |    10 |     9 ||    27
  Eat: Chunk             |     2 |     9 |     4 ||    15
       Meat ration       |       |       |     1 ||     1
Armor: Robe              |     5 |     4 |       ||     9
       Leather armour    |       |    32 |    10 ||    42
Dodge: Dodged            |    34 |   163 |   105 ||   302
